 Dungeon Crawl Stone Soup version 0.30-a0-883-g5ad918d77d (webtiles) character file.

Game seed: 11177450518448572414

312 Zeldest the Trooper (level 6, -3/34 (48) HPs)
             Began as a Mummy Reaver on Mar 16, 2023.
             Was an Initiate of Gozag.
             Slain by a polar bear (20 damage)
             ... created by the rage of Trog
             ... on level 3 of the Dungeon.
             The game lasted 00:04:58 (2284 turns).

Zeldest the Trooper (Mummy Reaver)                  Turns: 2284, Time: 00:04:58

HP:   -3/34 (48)    AC:  7    Str: 21    XL:     6   Next: 18%
MP:   10/10         EV: 10    Int: 14    God:    Gozag
Gold: 169           SH:  3    Dex: 11    Spells: 9/10 levels left

rFire   x . .      SeeInvis +    i - +0 dagger (elec)
rCold   + . .      Faith    +    h - +0 buckler
rNeg    + + +      Spirit   .    l - +1 ring mail {rPois}
rPois   ∞          Reflect  .    (no helmet)
rElec   .          Rampage  .    o - +0 cloak
rCorr   .                        (no gloves)
Will    .....                    (no boots)
Stlth   +                        (no amulet)
HPRegen 0.25/turn                g - ring of see invisible
MPRegen 0.12/turn                a - +6 ring of strength

@: very heavily drained
A: cold resistance 1, negative energy resistance 3, torment resistance 2, heat
vulnerability 1, in touch with death 1, no potions, faith
a: Renounce Religion, Potion Petition, Call Merchant, Bribe Branch


You were on level 3 of the Dungeon.
You worshipped Gozag.
Gozag was aware of your devotion.
You visited 1 branch of the dungeon, and saw 3 of its levels.

You collected 226 gold pieces.
You paid 57 gold pieces to Gozag.

Inventory:

Hand Weapons
 i - a +0 dagger of electrocution (weapon)
Armour
 h - a +0 buckler (worn)
 l - a +1 ring mail of poison resistance (worn)
 o - a +0 cloak (worn)
Jewellery
 a - a +6 ring of strength (right hand)
 g - a ring of see invisible (left hand)
 p - an amulet of regeneration
 r - a ring of magical power
Wands
 q - a wand of charming (5)
Scrolls
 b - a scroll of blinking {unknown}
 c - a scroll of amnesia {unknown}
 d - 3 scrolls of identify
 e - 2 scrolls of enchant weapon
 j - a scroll of fear {unknown}
 k - a scroll of immolation {unknown}
 m - a scroll of acquirement {unknown}
 n - 2 scrolls of fog


   Skills:
 + Level 4.0 Fighting
 + Level 2.2 Short Blades
 - Level 2.8 Polearms
 + Level 2.2 Armour
 - Level 2.1 Dodging
 - Level 2.9 Spellcasting
 - Level 2.5 Conjurations


You had 9 spell levels left.
You knew the following spells:

 Your Spells              Type           Power      Damage    Failure   Level
a - Kiss of Death         Conj/Necr      32%        2d7       28%         1

Your spell library contained the following spells:

 Spells                   Type           Power      Damage    Failure   Level
 Momentum Strike          Conj/Tloc      10%        3d8       41%         2
 Hailstorm                Conj/Ice       5%         3d4       65%         3
 Petrify                  Tmut/Erth      2%         N/A       99%         4
 Irradiate                Conj/Tmut      2%         3d12      100%        5
 Summon Hydra             Summ           1%         N/A       100%        7
 Sublimation of Blood     Necr           Unusable   N/A       N/A         2
 Wereblood                Tmut           Unusable   N/A       N/A         2

Dungeon Overview and Level Annotations

Branches:
Dungeon (3/15)

Altars:
Gozag
Qazlal
Trog


Innate Abilities, Weirdness & Mutations

You are immune to poison.
Your flesh is cold resistant. (rC+)
You are immune to negative energy. (rN+++)
You are immune to unholy pain and torment.
You are vulnerable to heat. (rF-)
You are in touch with the powers of death.
You do not drink.
You have a special connection with the divine. (Faith)


Message History

Natasha's front paws start to glow.
You block Natasha's attack. The white imp barely misses you.
Natasha claws you but does no damage.
You hit Natasha but do no damage. Lightning courses through Natasha!
You kill Natasha!
Natasha growls in agony!
The white imp disappears in a puff of smoke!
Your Fighting skill increases to level 4!
Unknown command.
You now have 169 gold pieces (gained 13).
Things that are here:
a +0 war axe; 7 stones; a +0 leather armour You feel yourself speed up.
You start resting.
Trog sends monsters to punish you. 2 black bears and a polar bear come into view.
As you read the scroll labelled ECONWU HUODA, it crumbles to dust.
It is a scroll of identify.
e - 2 scrolls of enchant weapon
As you read the scroll labelled UBONKIELAB, it crumbles to dust.
The scroll dissolves into smoke.
It was a scroll of fog.
The black bear closely misses you.
The black bear claws you but does no damage.
You block the black bear's attack. The polar bear barely misses you.
The polar bear claws you. x2
You can't drink.
Unknown command.
The air fills with toxic fumes!
As you read the scroll labelled QUIZ OKYWOLY, it crumbles to dust.
It was a scroll of poison.
The black bear closely misses you.
The black bear claws you but does no damage.
You block the black bear's attack. The polar bear bites you.
The polar bear claws you but does no damage.
The polar bear claws you. The black bear barely misses you.
The black bear claws you.
The black bear claws you but does no damage.
The polar bear bites you!!
Ouch! That really hurt!
You die...
Your body crumbles into a pile of gold.

#.# #................†...#
..# #..#...#...#...#...#.#
..######_..................(#
#......#..#...#...#...#...###
#.######...................#
.......#####################
......##......§§§#
..###.##......§hh#
#..##.....)#####@#
#.....##.### #h# #.....##.#
#§# ......##.# #§# ......##.#
#§# ......##.# #§# #......#.#
#§# #........# #§#


You could see a polar bear (berserk) and 2 black bears.

Vanquished Creatures
  Sigmund (D:3)
  Ijyb (D:3)
  Natasha (D:3)
  2 adders
  2 worms (D:2)
  3 dart slugs
  4 orcs (D:3)
  8 ball pythons
  7 endoplasms
  A giant cockroach (D:3)
  8 goblins
  8 hobgoblins
  5 quokkas
  4 bats
  4 frilled lizards
  4 kobolds
  4 rats
67 creatures vanquished.

Notes
Turn   | Place    | Note
-------+----------+-------------------------------------------
     0 | D:1      | Zeldest the Mummy Reaver began the quest for the Orb.
     0 | D:1      | Reached XP level 1. HP: 16/16 MP: 4/4
   111 | D:1      | Reached XP level 2. HP: 9/20 MP: 5/5
   190 | D:1      | Found a faded altar of an unknown god.
   219 | D:1      | Prayed at the altar of an unknown god.
   219 | D:1      | Became a worshipper of Trog the Wrathful
   219 | D:1      | Reached * piety under Trog
   615 | D:1      | Gained mutation: You are in touch with the powers of death.
                  | [Mummy growth]
   615 | D:1      | Reached XP level 3. HP: 28/28 MP: 7/7
  1057 | D:2      | Reached ** piety under Trog
  1280 | D:2      | Found a stormy altar of Qazlal.
  1334 | D:2      | Reached XP level 4. HP: 27/34 MP: 8/8
  1466 | D:2      | Found Soize's Antique Armour Shoppe.
  1798 | D:3      | Reached skill level 3 in Fighting
  1879 | D:3      | Reached skill level 1 in Short Blades
  1898 | D:3      | Reached skill level 1 in Armour
  1923 | D:3      | Noticed Ijyb
  1940 | D:3      | Killed Ijyb
  1985 | D:3      | Noticed Sigmund
  2016 | D:3      | Killed Sigmund
  2016 | D:3      | Was placed under penance by Trog
  2017 | D:3      | Reached XP level 5. HP: 10/42 MP: 5/9
  2017 | D:3      | Reached XP level 6. HP: 12/48 MP: 5/10
  2020 | D:3      | Found an opulent altar of Gozag.
  2040 | D:3      | Fell from the grace of Trog
  2040 | D:3      | Became a worshipper of Gozag Ym Sagoz the Greedy
  2153 | D:3      | HP: 2/48 [orc/+0 war axe (8)]
  2194 | D:3      | Noticed Natasha
  2206 | D:3      | Killed Natasha
  2207 | D:3      | Reached skill level 4 in Fighting
  2282 | D:3      | Noticed a polar bear
  2284 | D:3      | Slain by a polar bear

Illustrated notes

Levels and vault maps discovered:
D:1:      nagdon_arrival_zigzag_paths, layout_basic,
          shapermc_ecumenical_altar_totnotflames, kennysheep_doodads,
          minmay_pentomino_z4
D:2:      layout_rooms, basic_altar, serial_shops, shop
D:3:      layout_basic, grunt_gozag_breadcrumbs, lemuel_coloured_pillars_altar,
          minivault_24, minmay_starry_boxes, uniq_sigmund, uniq_ijyb,
          uniq_natasha

Skill      XL: |  1  2  3  4  5  6 |
---------------+-------------------+-----
Dodging        | 2 |  2.1
Fighting       | 3 4 |  4.0
Short Blades   | 2 |  2.2
Armour         | 2 |  2.2
Polearms       | |  2.8
Spellcasting   | |  2.9
Conjurations   | |  2.5

Action                     |  1- 3 |  4- 6 || total
---------------------------+-------+-------++-------
  Melee: Spear             |   148 |       ||   148
         Punch             |     1 |       ||     1
         Dagger            |    44 |    90 ||   134
   Cast: Kiss of Death     |     1 |     3 ||     4
 Invoke: Trog's Hand       |       |     2 ||     2
    Use: Scroll            |       |     3 ||     3
 Armour: Leather armour    |    34 |       ||    34
         Ring mail         |     6 |    28 ||    34
  Dodge: Dodged            |   103 |    45 ||   148
  Block: Buckler           |     4 |     8 ||    12

Table legend: (Time is in decaauts)
 A = Elapsed time spent in this place.
 B = Non-inter-level travel time spent in this place.
 C = Inter-level travel time spent in this place.
 D = Time resting spent in this place.
 E = Time spent auto-exploring this place.
 F = Levels seen in this place.
 G = Mean time per level.
                   A        B        C        D        E       F      G
               +--------+--------+--------+--------+--------+-----+--------+
         Total |   2285 |   2155 |    130 |    346 |   1144 |   3 |  761.7 |
       Dungeon |   2285 |   2155 |    130 |    346 |   1144 |   3 |  761.7 |
               +--------+--------+--------+--------+--------+-----+--------+

Top non-repeatable levels by time:
     D:1: 931 daAuts
     D:3: 719 daAuts
     D:2: 633 daAuts
